[Event "*** Titled Tuesday Blitz"]
[Site "Chess.com"]
[Date "2019.05.07"]
[Round "2"]
[White "GameOverBro"]
[Black "sergeikim"]
[Result "1-0"]
[WhiteElo "2429"]
[BlackElo "2484"]
[TimeControl "180+2"]
[EndTime "13:25:32 PDT"]
[Termination "GameOverBro won by resignation"]

1. e4 e5 2. Nf3 Nc6 3. Bb5 a6 4. Ba4 Nf6 5. d4 exd4 6. O-O Be7 7. e5 Ne4 8. Nxd4 Nxd4 9. Qxd4 Nc5 10. Bb3 Nxb3 11.
cxb3 O-O 12. Bf4 d6 13. exd6 cxd6 14. Nc3 Bf5 15. Rad1 Bf6 16. Qxd6 Qxd6 17. Rxd6 b5 18. b4 Rfc8 19. Nd5 Bd8 20. Rxd8+ Rxd8 21. Ne7+ Kf8 22. Nxf5 h6 23. Bd6+ Kg8 24. Bc5 Rd2 25. g4 Rxb2 26. Rd1 Rxa2 27. Rd7 Rc2 28. Rb7 a5 29.
Bd4 a4 30. Bxg7 a3 31. Bf6 a2 32. Nxh6+ Kh7 33. Nxf7 a1=Q+ 34. Bxa1 Rxa1+ 35. Kg2 Raa2 36. Ng5+ Kg6 37. Nh3 Rc4 38. Rb6+ Kg7 39. Rxb5 Rxg4+ 40. Kf3 Rh4 41. Kg3 Rc4 42. Rb7+ Kf6 43. Rb6+ Kg7 44.
Rb7+ Kf6 45. b5 Ra3+ 46. f3 Rcc3 47. Rb6+ Kf5 48. Ng1 Rc2 49. Rb8 Rb2 50. b6 Rab3 51.
Rf8+ Kg6 52. Rg8+ Kf7 53. Rg4 Rxb6 54. Nh3 Ra6 55. Ng5+ Kf8 56. h4 Raa2 57. Rc4 Rc2 58. Rb4 Rab2 59. Ra4 Ra2 60. Rf4+ Kg8 61. Kg4 Rg2+ 62.
Kh5 Ra6 63. Rb4 Rf6 64. Rb8+ Rf8 65. Rb7 Rf6 66. Rb8+ Rf8 67. Rb6 Rf4 68. Rg6+ Kh8 69.
Rd6 Kg8 70. Rd8+ Rf8 71. Rd7 Rf6 72. Re7 Rg3 73. Re8+ Rf8 74. Re6 Rfxf3 75. Kg6 Re3 76. Rf6 Ref3 77. Rxf3 Rg1 78. Ra3 Rd1 79. Ra8+ 1-0

[Event "*** Titled Tuesday Blitz"]
[Site "Chess.com"]
[Date "2019.05.07"]
[Round "2"]
[White "amatatanav"]
[Black "Koksal06"]
[Result "0-1"]
[WhiteElo "2499"]
[BlackElo "2453"]
[TimeControl "180+2"]
[EndTime "13:25:35 PDT"]
[Termination "Koksal06 won by resignation"]

1. e4 e6 2. d4 d5 3. Nc3 Bb4 4. e5 Ne7 5. a3 Bxc3+ 6. bxc3 c5 7. Qg4 O-O 8. Bd3 Nbc6 9. Nf3 Qc7 10. O-O Ng6 11. Re1 c4 12. Bf1 f6 13. Qh5 Qf7 14.
exf6 Qxf6 15. a4 e5 16. Ba3 Rf7 17. dxe5 Ncxe5 18. Nxe5 Qxf2+ 19. Kh1 Rf5 20. Nxg6 Rxh5 21. Re8+ Kf7 22. Rf8+ Kxg6 23. Rxf2 Bf5 24. Rd1 Be4 25.
Be2 Rg5 26. Bf3 Bxf3 27. Rxf3 Re8 28. Bc5 Re2 29. Rf2 Rge5 30. Rxe2 Rxe2 31. Rxd5 Rxc2 32.
Rd6+ Kf5 33. Rd7 b6 34. Bd4 Rc1+ 35. Bg1 Rxc3 36. Rxa7 Rb3 37. Rxg7 c3 38. Rc7 Ke4 39. h4 Kd3 40. Rd7+ Ke2 41. Re7+ Kd3 42. Rd7+ Ke2 43.
Rc7 Kd1 44. Be3 c2 45. Bg5 Ra3 46. Rd7+ Ke1 47. Re7+ Kd1 48. Rd7+ Ke1 49. Rc7 Kd1 50.
Kh2 Rxa4 51. Rc6 b5 52. Rb6 Rg4 53. Rd6+ Ke1 54. Rc6 Rc4 55. Rb6 b4 56. Kh3 Kd1 57. Rd6+ Ke2 58. Re6+ Kd3 59. Re3+ Kd4 60. Rb3 Rc3+ 61.
Rxc3 Kxc3 62. Bf6+ Kd2 63. Bg5+ Kd1 64. g4 c1=Q 65.
Bxc1 Kxc1 66. g5 b3 67. h5 b2 68. g6 b1=Q 69. gxh7 Qxh7 0-1

[Event "*** Titled Tuesday Blitz"]
[Site "Chess.com"]
[Date "2019.05.07"]
[Round "2"]
[White "MarcoRiehle"]
[Black "rasmussvane"]
[Result "0-1"]
[WhiteElo "2609"]
[BlackElo "2812"]
[TimeControl "180+2"]
[EndTime "13:25:37 PDT"]
[Termination "rasmussvane won by resignation"]

1. e4 c6 2. c4 d5 3. exd5 cxd5 4. cxd5 Nf6 5. Nc3 Nxd5 6. Nf3 Nc6 7. Bb5 e6 8. O-O Be7 9. Re1 O-O 10. d4 Bf6 11.
Ne4 Bd7 12. a3 Rc8 13. Bd3 Be7 14. Bd2 Qb6 15. Nc5 Bxc5 16. dxc5 Qxc5 17. b4 Qd6 18.
Rc1 h6 19. Bb1 Nf6 20. Be3 Qxd1 21. Rexd1 a6 22. Bc5 Rfd8 23. Bb6 Re8 24. Rc5 Ne7 25. Ne5 Ba4 26. Rd6 Ned5 27. h3 Nc3 28. Bd3 Nce4 29. Rxc8 Rxc8 30. Rd4 Nc3 31. Kh2 Bb5 32. Bxb5 Nxb5 33.
Rd3 Nd5 34. Bc5 b6 35. Be3 Rc3 36. Rxc3 Nbxc3 37. Nd7 b5 38. Nb8 Nxe3 39. fxe3 Nb1 40. Nxa6 Nxa3 41. Kg3 Kf8 42. Kf4 Ke7 43. Ke5 f6+ 44.
Kd4 Kd6 45. Nc5 Nc2+ 46. Kc3 Nxe3 47. Nb7+ Kc6 48. Nc5 Nd5+ 49. Kb3 Kd6 50. Nb7+ Ke5 51. Nd8 Nf4 52. Nc6+ Kd5 53. Na7 Ne2 54. Nxb5 Nd4+ 55. Ka4 Nxb5 56. Kxb5 e5 57. Ka6 e4 58. b5 e3 59. b6 e2 60. b7 e1=Q 61. b8=Q Qa1+ 62.
Kb7 Qb2+ 63. Kc8 Qxb8+ 64. Kxb8 Ke4 65. Kc7 Kf4 66. Kd6 Kg3 0-1

[Event "*** Titled Tuesday Blitz"]
[Site "Chess.com"]
[Date "2019.05.07"]
[Round "2"]
[White "Storne89"]
[Black "gliglu"]
[Result "0-1"]
[WhiteElo "2617"]
[BlackElo "2631"]
[TimeControl "180+2"]
[EndTime "13:25:38 PDT"]
[Termination "gliglu won by resignation"]

1. e4 c6 2. d4 d5 3. e5 c5 4. dxc5 e6 5. Nf3 Bxc5 6. Bd3 Ne7 7. O-O Ng6 8. a3 Nc6 9. b4 Bb6 10. Re1 a5 11. b5 Nce7 12. Nbd2 Nf4 13. Nf1 Nxd3 14. Qxd3 Ng6 15. Be3 O-O 16. Ng3 Bd7 17.
Bxb6 Qxb6 18. Nd4 Rac8 19. c3 Rc4 20. Qe3 Rfc8 21. Nge2 a4 22. f4 Qc5 23. g4 Bxb5 24. f5 Nf8 25. f6 Ng6 26. fxg7 Be8 27. h4 Nxh4 28. Qh3 Ng6 29. Kf2 Kxg7 30. Rh1 Nf8 31. Qh6+ Kg8 32. Qe3 Qc7 33. Rh5 Ng6 34. Rah1 b5 35.
Rg5 b4 36. axb4 a3 37. Qh3 Kf8 38. Qxh7 Rxc3 39. Rxg6 Qxe5 40. Qh8+ Qxh8 41. Rxh8+ Ke7 42. Rgg8 a2 43. Rh1 Rc1 44. Rxc1 Rxc1 45. Nb3 a1=Q 46.
Nxa1 Rxa1 47. Rh8 Rb1 48. g5 Rxb4 49. Ng3 Rf4+ 50. Ke3 e5 51. Nh5 d4+ 52. Kd3 Bb5+ 53. Kd2 Rf2+ 54. Ke1 Re2+ 55. Kd1 d3 56. Nf6 Ba4+ 57.
Kc1 d2+ 0-1

[Event "*** Titled Tuesday Blitz"]
[Site "Chess.com"]
[Date "2019.05.07"]
[Round "2"]
[White "Orange_Ghost"]
[Black "Oleg_Papayan"]
[Result "0-1"]
[WhiteElo "2655"]
[BlackElo "2542"]
[TimeControl "180+2"]
[EndTime "13:25:41 PDT"]
[Termination "Oleg_Papayan won by resignation"]

1. d4 Nf6 2. c4 e6 3. Nc3 Bb4 4.
e3 b6 5. f3 O-O 6. e4 d6 7.
Bd3 e5 8. d5 Bxc3+ 9. bxc3 Nbd7 10. g4 Nc5 11. Be2 Nfxe4 12. fxe4 Qh4+ 13. Kd2 Nxe4+ 14. Kc2 f5 15. Nf3 Qh3 16. gxf5 Nf2 17. Qf1 Bxf5+ 18. Kb2 Nxh1 19. Qxh1 Be4 20. Ng5 Bxh1 21. Nxh3 Bg2 22.
Ng1 Rf6 23. Be3 Raf8 24. Kc1 h6 25. Kd2 g5 26. Bg4 Kg7 27. Ne2 Bf3 28. h3 Kg6 29. Rg1 Bxg4 30. hxg4 Rf1 31. Rg2 R8f3 32. Kd3 Rd1+ 33.
Ke4 Rff1 34. Ng3 Rfe1 35. Nf5 Rh1 36. Rf2 Rdf1 37. Rg2 Rd1 38. Ne7+ Kf7 39. Nf5 Kg6 40. Ng3 Rhe1 41. Rh2 a5 42. Nf5 Rh1 43. Rf2 Rdg1 44. Ne7+ Kg7 45. Kf5 Rf1 46. Ke6 Rxf2 47. Bxf2 Rh2 48.
Be1 Rxa2 49. Kd7 a4 50. Nc6 a3 51. Nb4 Re2 52. Kxc7 Rxe1 53. Kxb6 Rb1 54. Kc6 Rxb4 55.
cxb4 a2 56. b5 a1=Q 57. Kxd6 e4 58. b6 Qf6+ 59. Kc7 Qe7+ 60. Kc6 e3 61. c5 e2 62. b7 Qd8 63. d6 e1=Q 64. Kd5 Qh1+ 0-1

[Event "*** Titled Tuesday Blitz"]
[Site "Chess.com"]
[Date "2019.05.07"]
[Round "2"]
[White "stepanosinovsky"]
[Black "valeriocarnicelli"]
[Result "0-1"]
[WhiteElo "2372"]
[BlackElo "2517"]
[TimeControl "180+2"]
[EndTime "13:25:42 PDT"]
[Termination "valeriocarnicelli won on time"]

1. e4 e5 2. Nf3 Nc6 3. Bb5 g6 4. O-O Bg7 5. c3 a6 6. Ba4 Nge7 7. d4 exd4 8. cxd4 b5 9. Bb3 O-O 10. Nc3 d6 11. h3 Na5 12. Bc2 c5 13. Bg5 h6 14.
Bh4 g5 15. Bxg5 hxg5 16. Nxg5 Ng6 17. Qh5 Re8 18. e5 dxe5 19. Bxg6 fxg6 20. Qh7+ Kf8 21. Qxg6 Ra7 22. dxe5 Rxe5 23. f4 Rf5 24. Nce4 Bd4+ 25. Kh1 Rg7 26. Qh6 Kg8 27. Rae1 Nc4 28. Ne6 Bxe6 29.
Qxe6+ Rff7 30. Ng5 Nd6 31. Re2 Qe7 32. Nxf7 Qxe6 33. Rxe6 Nxf7 34. Rfe1 Bxb2 35. g4 c4 36. Re8+ Kh7 37. R1e6 c3 38. Rc8 b4 39. Kg2 a5 40.
Kf3 a4 41. g5 b3 42. axb3 axb3 43. h4 c2 44. h5 Rxg5 45. fxg5 Nxg5+ 46. Ke2 Nxe6 47. Kd2 c1=Q+ 48. Rxc1 Bxc1+ 49. Kxc1 Nc5 50. Kb2 Kh6 51. Kc3 Kxh5 0-1

[Event "*** Titled Tuesday Blitz"]
[Site "Chess.com"]
[Date "2019.05.07"]
[Round "2"]
[White "PE-TRO"]
[Black "MosheFriedland"]
[Result "1-0"]
[WhiteElo "2800"]
[BlackElo "2421"]
[TimeControl "180+2"]
[EndTime "13:25:42 PDT"]
[Termination "PE-TRO won by resignation"]

1. Nf3 Nf6 2. c4 c6 3. g3 d5 4. b3 Bf5 5. Bg2 e6 6. O-O h6 7. Bb2 Be7 8. d3 O-O 9. Nbd2 Nbd7 10. Rc1 Bh7 11. Rc2 a5 12. a3 c5 13. cxd5 exd5 14. Ne5 Nxe5 15. Bxe5 a4 16. Bxf6 Bxf6 17. Rxc5 axb3 18.
Qxb3 Qe7 19. Rxd5 Qxe2 20. Ne4 Bxe4 21. Bxe4 Qb2 22. Rb1 Qxb3 23. Rxb3 Be7 24. Rxb7 Bxa3 25. Rdd7 Bc5 26. Bd5 Ra1+ 27. Kg2 Kh8 28. Rxf7 Rxf7 29. Rxf7 Rd1 30. Bc4 Rd2 31. h4 Bd4 32. h5 Kh7 33.
Rf8 g5 34. hxg6+ Kxg6 35. Rf4 Bc5 36. Bd5 Kg7 37. Rf7+ Kg6 38. Rf4 Kg7 39. Be4 Bb6 40. Rf5 Bd4 41. g4 Bb6 42. Kg3 Bd4 43. f4 Bf2+ 44.
Kf3 Bd4 45. Rd5 Bb6 46. Rd7+ Kf8 47. Rd6 Rf2+ 48. Kg3 Bc7 49. Rf6+ Ke7 50. Rf5 Rd2 51. Rh5 Rd1 52. Rxh6 Rg1+ 53. Bg2 Rd1 54. Rh7+ Kd8 55. Be4 Rg1+ 56. Bg2 Rd1 57. Rh8+ Ke7 58. Rh5 Rxd3+ 59.
Bf3 Rd4 60. Rf5 Rd2 61. g5 Ke6 62. Rf6+ Ke7 63. Kg4 Rd4 64. Rf5 Ke6 65. g6 Rd7 66. Bd5+ Kd6 67. Bf7 1-0

[Event "*** Titled Tuesday Blitz"]
[Site "Chess.com"]
[Date "2019.05.07"]
[Round "2"]
[White "Michael_Scofield01"]
[Black "hellokostya"]
[Result "1-0"]
[WhiteElo "2694"]
[BlackElo "2529"]
[TimeControl "180+2"]
[EndTime "13:25:49 PDT"]
[Termination "Michael_Scofield01 won by resignation"]

1. e4 c5 2. Nf3 e6 3. d4 cxd4 4. Nxd4 Nc6 5. Nc3 Qc7 6. Nxc6 bxc6 7. Bd3 d5 8. O-O Nf6 9. Re1 Be7 10. e5 Nd7 11. Qg4 g6 12. Qg3 O-O 13. Bg5 Bxg5 14. Qxg5 Rb8 15. b3 Qa5 16. Ne2 Ba6 17. Nd4 Qb6 18.
Nf3 Bxd3 19. cxd3 Rfc8 20. Qh6 Nf8 21. Ng5 Qd4 22. Rad1 a5 23. Re3 Qg4 24. Rde1 Qh5 25. Qxh5 gxh5 26. Rf3 Rc7 27. d4 a4 28. Rc3 axb3 29. axb3 Rb4 30. Nf3 Ng6 31. g3 h4 32.
Ra1 hxg3 33. hxg3 Kg7 34. Ra8 h6 35. Ra4 Rcb7 36. Rxb4 Rxb4 37. Kf1 Ne7 38. Ke2 Kg6 39. Kd3 Kh5 40. Kc2 Kg4 41. Kb2 Kh3 42. Rc1 Kg2 43. Ne1+ Kh3 44. Kc3 Rb8 45. Nd3 Kg2 46. Ra1 Rb7 47.
Ra8 Nf5 48. Rh8 Kf1 49. g4 Nh4 50. Rxh6 Nf3 51. Rf6 Ke2 52. Nc5 Ra7 53. g5 Ra1 54. g6 fxg6 55. Nxe6 Rc1+ 56. Kb4 Kd3 57. Rxf3+ Ke4 58.
Re3+ Kf5 59. Nc5 1-0

[Event "*** Titled Tuesday Blitz"]
[Site "Chess.com"]
[Date "2019.05.07"]
[Round "2"]
[White "HrvojeZagreb"]
[Black "Chessdude1987"]
[Result "0-1"]
[WhiteElo "2028"]
[BlackElo "2111"]
[TimeControl "180+2"]
[EndTime "13:25:57 PDT"]
[Termination "Chessdude1987 won by resignation"]

1. d4 e6 2. Bf4 f5 3. Nf3 Nf6 4. e3 b6 5. Be2 Bb7 6. h3 Bd6 7. Bxd6 cxd6 8. a4 O-O 9. Nbd2 Qe7 10. a5 bxa5 11. Rxa5 Nc6 12. Ra3 e5 13. O-O e4 14.
Ne1 d5 15. c4 dxc4 16. Nxc4 d5 17. Na5 Nxa5 18. Rxa5 Rfc8 19. Qa4 Bc6 20. Qa2 Be8 21. g3 Bf7 22. Ng2 g5 23. h4 h6 24. Ra1 Rc7 25.
Qa3 Qd7 26. b4 Bh5 27. Bxh5 Nxh5 28. hxg5 hxg5 29. b5 Rb7 30. Qa4 Qh7 31. Rc1 Nf6 32.
Qb3 Rd8 33. Rc5 Rbd7 34. b6 axb6 35. Qxb6 Rd6 36. Qa7 Qh5 37. Rc7 Ng4 38. Rg7+ Kh8 39. Qe7 Qh2+ 40. Kf1 Qh1+ 41. Ke2 R6d7 42. Qxg5 Rxg7 43.
Qxf5 Qxg2 44. Ra6 Qf3+ 45. Qxf3 exf3+ 46. Kxf3 Rf8+ 47. Ke2 Rxf2+ 48. Kd3 Rb7 49. Ra8+ Kg7 50. Kc3 Re2 51. Rd8 Rxe3+ 52. Kd2 Rb2+ 53. Kc1 Rg2 54.
Rxd5 Rf3 55. Rd7+ Kf6 56. Rd6+ Ke7 57. Re6+ Kxe6 0-1

[Event "*** Titled Tuesday Blitz"]
[Site "Chess.com"]
[Date "2019.05.07"]
[Round "2"]
[White "BvsN"]
[Black "STAYFlow"]
[Result "1/2-1/2"]
[WhiteElo "2283"]
[BlackElo "2363"]
[TimeControl "180+2"]
[EndTime "13:25:58 PDT"]
[Termination "Game drawn - insufficient material"]

1. d4 d5 2. c4 e6 3. Nc3 Nf6 4. cxd5 exd5 5. Bg5 c6 6. Qc2 Be7 7. e3 Nbd7 8. Bd3 h6 9. Bh4 Nh5 10. Bxe7 Qxe7 11. Nge2 Nb6 12. O-O-O Bd7 13. h3 O-O-O 14. Kb1 Kb8 15. Nc1 g6 16. g4 Ng7 17. Nb3 h5 18.
Nc5 hxg4 19. hxg4 Bxg4 20. Rdg1 Bf5 21. a4 Nc4 22. Bxf5 Nxf5 23. Ka1 b6 24. Nd3 Rh4 25. Rxh4 Qxh4 26. b3 Qh2 27. Rc1 Na5 28. Ne5 Qh7 29. b4 Nc4 30. Nxc6+ Kc7 31. Nxd8 Kxd8 32. Nxd5 Nfd6 33.
e4 Qh3 34. Qc3 Qd7 35. b5 Qe6 36. f3 f5 37. Ne3 Nxe3 38. Qxe3 fxe4 39. Qg5+ Kd7 40.
Qg4 Qxg4 41. fxg4 Ke6 42. Kb2 Kd5 43. Rc7 Kxd4 44. Rd7 Ke5 45. Rxa7 Nc4+ 46. Kc3 Ne3 47. a5 bxa5 48. Rxa5 Nd5+ 49. Kd2 e3+ 50. Ke2 Kd6 51. Ra6+ Kc5 52. Rxg6 Nf4+ 53. Kxe3 Nxg6 54. Ke4 Kxb5 55. Kf5 Nh4+ 56. Kg5 Nf3+ 57. Kf4 Nd4 58. Ke5 Nf3+ 59. Kf4 Nd4 60. Ke4 Kc5 61. g5 Ne6 62. g6 Ng7 63. Ke5 Kc6 64. Kf6 Nh5+ 65. Kg5 Ng7 66. Kh6 Ne6 67.
g7 Nxg7 1/2-1/2

[Event "*** Titled Tuesday Blitz"]
[Site "Chess.com"]
[Date "2019.05.07"]
[Round "2"]
[White "2nd_life"]
[Black "Zarikovs1999"]
[Result "1-0"]
[WhiteElo "2413"]
[BlackElo "2569"]
[TimeControl "180+2"]
[EndTime "13:25:58 PDT"]
[Termination "2nd_life won by resignation"]

1. e4 c5 2. Nf3 d6 3. d4 cxd4 4.
Nxd4 Nf6 5. Nc3 a6 6. Be3 e5 7. Nb3 Be6 8. Qd2 Be7 9. f3 h5 10. Be2 Nbd7 11. O-O Rc8 12. Rfd1 Nb6 13. Na5 Qc7 14.
Bf1 Nc4 15. Nxc4 Bxc4 16. Bxc4 Qxc4 17. Rac1 O-O 18. Bg5 Qe6 19. Bxf6 Bxf6 20. Nd5 Rc6 21. c4 Rfc8 22. b3 h4 23. h3 b5 24. cxb5 Rxc1 25. Rxc1 Rxc1+ 26. Qxc1 axb5 27. a4 Qd7 28. a5 Qa7+ 29. Kh2 Qxa5 30. Qc8+ Kh7 31. Qf5+ Kg8 32. Nxf6+ gxf6 33. Qg4+ Kf8 34. Qxh4 Ke7 35. Qg4 Qd2 36. h4 b4 37. h5 Kf8 38. Qh4 Qh6 39. Kh3 Ke7 40.
g3 Kf8 41. f4 exf4 42. gxf4 Ke7 43. Kg4 Qg7+ 44. Kf3 Qh6 45. e5 dxe5 46. fxe5 Ke6 47. Qxf6+ Qxf6+ 48. exf6 Kxf6 49. Kf4 Kg7 50. Kg5 Kh7 51.
Kf6 Kh6 52. Kxf7 Kxh5 53. Ke6 Kg4 54. Kd5 Kf4 55. Kc4 Ke5 56. Kxb4 Kd6 57. Kb5 Kc7 58. Ka6 Kc6 59. b4 Kc7 60. b5 Kb8 61. Kb6 Ka8 62. Kc7 Ka7 63. b6+ 1-0

[Event "*** Titled Tuesday Blitz"]
[Site "Chess.com"]
[Date "2019.05.07"]
[Round "2"]
[White "PawnEatingZombie"]
[Black "dopolian"]
[Result "1-0"]
[WhiteElo "2143"]
[BlackElo "2235"]
[TimeControl "180+2"]
[EndTime "13:25:58 PDT"]
[Termination "PawnEatingZombie won by resignation"]

1. d4 Nf6 2. c4 d6 3. Nc3 g6 4. e4 Bg7 5. Be2 O-O 6. Be3 c5 7. d5 e6 8. Nf3 exd5 9. cxd5 Re8 10. Nd2 Nbd7 11. O-O b6 12. Re1 Qe7 13. f3 h5 14. Bf1 h4 15. Bg5 h3 16. g3 Ne5 17. f4 Bg4 18. Be2 Bxe2 19. Qxe2 Ned7 20. Qf1 Qf8 21. Qxh3 Rab8 22. a4 a6 23. Qg2 Nh7 24. Bh4 b5 25. axb5 axb5 26. Ra7 Nb6 27. Rea1 b4 28.
Nd1 Bd4+ 29. Kh1 c4 30. Nf2 c3 31. bxc3 bxc3 32. Nf3 Bg7 33. Rc1 Nc4 34. Ng5 Nxg5 35. Bxg5 c2 36. Ng4 f5 37. Rxg7+ Qxg7 38. Nf6+ Kf7 39.
Nxe8 Rxe8 40. e5 dxe5 41. Qxc2 Ne3 42. Qc7+ Kg8 43. d6 Qf7 44. Qxf7+ Kxf7 45. d7 exf4 46. dxe8=Q+ Kxe8 47.
Bxf4 Nd5 48. Rc6 Kf7 49. Ra6 Ne7 50. Ra7 Ke6 51. Rxe7+ Kxe7 52. h4 Ke6 53. Kg2 Kd5 54. Kf3 Kd4 55. Ke2 Ke4 56. Kd2 Kd4 57. Kc2 Kc4 58.
Kd2 Kd4 59. Bb8 Ke4 60. Kc3 Kd5 61. Kd3 Ke6 62. Ke3 Ke7 63. Kf4 Kf6 64. Be5+ Ke6 65. Bc3 Ke7 66. Kg5 Kf7 67. Bb2 1-0

[Event "*** Titled Tuesday Blitz"]
[Site "Chess.com"]
[Date "2019.05.07"]
[Round "2"]
[White "capatl"]
[Black "PlotnikovPavel"]
[Result "0-1"]
[WhiteElo "2583"]
[BlackElo "2349"]
[TimeControl "180+2"]
[EndTime "13:26:03 PDT"]
[Termination "PlotnikovPavel won by resignation"]

1. c4 e5 2. Nc3 f5 3. g3 Nf6 4.
Bg2 Bc5 5. e3 e4 6. d3 exd3 7.
Qxd3 d6 8. Nge2 Nc6 9. b3 O-O 10. Bb2 Ne5 11. Qc2 Qe8 12. O-O Qh5 13. Nf4 Nf3+ 14.
Bxf3 Qxf3 15. Qd1 Qxd1 16. Raxd1 Rf7 17. Na4 Bb6 18. Bxf6 Rxf6 19. Nxb6 axb6 20. a4 Rf7 21. h4 g6 22. Rd5 Bd7 23. Re1 Bc6 24. Rd4 Bf3 25.
Ne6 h6 26. Rf4 Be4 27. f3 Bc2 28. Nd4 g5 29. Nxc2 gxf4 30. exf4 Kf8 31. Kf2 Re8 32.
Rxe8+ Kxe8 33. Nd4 h5 34. Ke3 Kd7 35. Kf2 c6 36.
Nc2 Ke7 37. Ne3 Kf6 38. Ke2 Rg7 39. Kf2 Re7 40. Nc2 d5 41. cxd5 cxd5 42. Nd4 Rc7 43. Ke3 Rc3+ 44. Kd2 Rc5 45. Nb5 Rc6 46. Nd4 Rc8 47. Nb5 Rg8 48. Nc3 Ke6 49. Ne2 Rg7 50.
Kd3 Kf6 51. Kd4 Ke6 52. Kd3 Kd6 53. Nd4 Rf7 54. b4 Ke7 55. Ne2 Kf6 56. Kd4 Ke6 57.
Nc3 Rf8 58. Nb5 Rc8 59. Kd3 Rc4 60. Nd4+ Kf6 61. a5 Rxb4 62. axb6 Rxb6 63. Ne2 Rb3+ 64. Kd4 Rxf3 65. Kxd5 Re3 66. Nd4 Rxg3 67. Nb5 Rg4 68. Nd6 b6 69. Ne8+ Ke7 70. Nd6 Kf6 71. Ne8+ Kg6 72.
Ke5 b5 73. Nd6 b4 74. Nxf5 b3 75. Ne3 b2 76. f5+ Kf7 0-1

[Event "*** Titled Tuesday Blitz"]
[Site "Chess.com"]
[Date "2019.05.07"]
[Round "2"]
[White "Casper_Schoppen"]
[Black "novocane"]
[Result "1-0"]
[WhiteElo "2401"]
[BlackElo "2240"]
[TimeControl "180+2"]
[EndTime "13:26:03 PDT"]
[Termination "Casper_Schoppen won by resignation"]

1. d4 Nf6 2. c4 e6 3. Nf3 b6 4.
g3 Ba6 5. b3 Bb4+ 6. Bd2 Be7 7.
Bg2 O-O 8. Bc3 d5 9. Ne5 Bb7 10. O-O Nbd7 11. Nd2 Nxe5 12. dxe5 Nd7 13. cxd5 Bxd5 14.
Nc4 Bxg2 15. Kxg2 Nc5 16. Qc2 Qd5+ 17. f3 a5 18. a4 Rad8 19. Bb2 Na6 20. Rad1 Qc6 21.
Rxd8 Rxd8 22. Rd1 Qe8 23. Rxd8 Qxd8 24. h4 Bb4 25. Bc1 Nc5 26. Be3 Qd5 27. h5 h6 28.
g4 Be1 29. Kf1 Bh4 30. Kg2 Nd7 31. Qc3 Be7 32. Bf4 Bc5 33. Qd3 Qxd3 34. exd3 Bd4 35.
Kf1 Nc5 36. Ke2 Nxb3 37. Be3 Bxe3 38. Kxe3 Nc5 39. Nb2 Kf8 40. d4 Nd7 41. Kd3 f6 42.
f4 fxe5 43. fxe5 Kf7 44. Nd1 g6 45. Nf2 gxh5 46. gxh5 Nb8 47. Kc4 Nc6 48. Ng4 Kg7 49. Nf6 Kf7 50. Ng4 Kg7 51. Nf6 Kf7 52. Ne4 Ne7 53.
Kb5 Nf5 54. Kc6 Nxd4+ 55. Kxc7 Nf3 56. Kxb6 Nxe5 57. Kxa5 Nd7 58. Kb5 e5 59. a5 Ke6 60.
a6 Kd5 61. a7 1-0

[Event "*** Titled Tuesday Blitz"]
[Site "Chess.com"]
[Date "2019.05.07"]
[Round "2"]
[White "nurgyulsalimova"]
[Black "Jospem"]
[Result "0-1"]
[WhiteElo "2597"]
[BlackElo "2906"]
[TimeControl "180+2"]
[EndTime "13:26:06 PDT"]
[Termination "Jospem won by resignation"]

1. e4 e5 2. Nf3 Nc6 3. Bc4 Bc5 4. O-O Nf6 5. d3 d6 6. c3 a6 7. a4 Ba7 8. Nbd2 h6 9. Qc2 Ne7 10. d4 Ng6 11. dxe5 dxe5 12. b3 O-O 13. Ba3 c5 14.
Rad1 Qc7 15. Rfe1 Rb8 16. Be2 b5 17. axb5 axb5 18. c4 b4 19. Bb2 Bb7 20. Bd3 Rbe8 21. Nf1 Nf4 22. Ng3 Bb8 23. Bf1 g6 24. Rd5 Bxd5 25.
cxd5 Qe7 26. Bb5 Rc8 27. Nd2 Qb7 28. Bf1 Qe7 29. Bb5 h5 30. Nc4 h4 31. Nf1 Nh7 32. g3 Nh5 33. Nfe3 Ng5 34. Qe2 Rcd8 35. d6 Bxd6 36. Nd5 Qe6 37. Bc1 Nh3+ 38. Kg2 Kg7 39. Nxd6 Rxd6 40. Bc4 Qd7 41. g4 N5f4+ 42. Bxf4 Nxf4+ 43.
Nxf4 exf4 44. e5 Rd2 45. Qf3 Rd4 46. e6 fxe6 47. Bxe6 Qe7 48. Re2 Qc7 49. Bc4 Rd6 50.
h3 Qc6 51. Re4 Kh8 52. Rxf4 Qxf3+ 53. Rxf3 Rdf6 54. Rxf6 Rxf6 55. f3 g5 56. Kf2 Rf4 57.
Ke3 Kg7 58. Bd5 Kf6 59. Be4 Ke5 60. Bd3 Rd4 61. Be4 Rd1 62. Bd3 Rh1 63. Kf2 Rh2+ 64. Kg1 Rxh3 65. Kf2 Kf4 66. Be2 Rh2+ 0-1

[Event "*** Titled Tuesday Blitz"]
[Site "Chess.com"]
[Date "2019.05.07"]
[Round "2"]
[White "elefante33"]
[Black "severomorskij"]
[Result "0-1"]
[WhiteElo "2556"]
[BlackElo "2773"]
[TimeControl "180+2"]
[EndTime "13:26:08 PDT"]
[Termination "severomorskij won by checkmate"]

1. e4 c5 2. Nf3 Nc6 3. Bb5 d6 4. O-O Bd7 5. Re1 Nf6 6. c3 a6 7. Bf1 Bg4 8. h3 Bxf3 9. Qxf3 e6 10. d3 Be7 11. Qd1 O-O 12. Nd2 d5 13. a4 b5 14. axb5 axb5 15. Rxa8 Qxa8 16. exd5 Nxd5 17. g3 Rd8 18. Bg2 Qa6 19. h4 b4 20. Ne4 bxc3 21.
bxc3 Nf6 22. Bf1 h6 23. Nxf6+ Bxf6 24. Bd2 Qa2 25. Re4 Ne5 26. Be3 Qd5 27. Qe2 c4 28. Rxe5 Qxe5 29. dxc4 Qxc3 30. Qg4 Kh8 31. Qe4 Qa1 32.
Kg2 Qa8 33. Qxa8 Rxa8 34. h5 Rc8 35. g4 Kg8 36. Kf3 Be7 37. Bd3 Bc5 38. Bxc5 Rxc5 39. Be2 Kf8 40. Ke4 Ke7 41. f4 Kd6 42. Kd4 f6 43.
Ke4 f5+ 44. gxf5 Rxf5 45. Bg4 Ra5 46. Be2 Ra2 47. Bg4 Rg2 48. Bf3 Rg3 49. Ke3 e5 50.
fxe5+ Kxe5 51. c5 Rg1 52. c6 Rc1 53. Kd3 Rc5 54. Ke3 Rc3+ 55. Ke2 Kd4 56. Kf2 Ke5 57. Kg3 Kf5 58. Kf2 Kf4 59. Bd5 Rc2+ 60. Ke1 Ke3 61. Kf1 Rc5 62. Bg2 Rc1# 0-1

[Event "*** Titled Tuesday Blitz"]
[Site "Chess.com"]
[Date "2019.05.07"]
[Round "2"]
[White "biostatistician"]
[Black "Ind1anStar"]
[Result "1/2-1/2"]
[WhiteElo "2513"]
[BlackElo "2466"]
[TimeControl "180+2"]
[EndTime "13:26:09 PDT"]
[Termination "Game drawn - insufficient material"]

1. d4 Nf6 2. Nf3 e6 3. c4 d5 4. Bg5 Be7 5. e3 O-O 6. Nc3 h6 7. Bh4 Nbd7 8. Rc1 c6 9. Bd3 dxc4 10. Bxc4 b5 11. Bd3 Bb7 12. O-O a6 13. Bxf6 Nxf6 14. Ne4 Nxe4 15. Bxe4 Rc8 16. Ne5 Bd6 17. Nd3 Ba8 18.
Qf3 Qb6 19. Nc5 Rfd8 20. b4 a5 21. a3 axb4 22. axb4 Re8 23. g3 e5 24. dxe5 Rxe5 25.
Nd7 Qc7 26. Nxe5 Bxe5 27. Rfd1 Bd6 28. Rc2 Bxb4 29. Rdc1 Ba3 30. Rd1 b4 31. Bxc6 Bxc6 32. Rxc6 Qxc6 33. Rd8+ Kh7 34. Qf5+ Qg6 35. Qxg6+ Kxg6 36. Rxc8 b3 37. Rb8 b2 38. Kf1 Kf5 39. Ke2 g5 40. h3 h5 41. f3 Kg6 42. g4 f6 43. e4 hxg4 44. hxg4 Kf7 45. Kd3 Ke6 46. Kc2 Ke5 47. Rb3 Bd6 48. Kxb2 Kf4 49. Kc2 Be5 50. Kd2 Kg3 51. Ke2 Kf4 52. Rd3 Kg3 53. Ke3 Kg2 54.
Rb3 Kg3 55. Ke2 Kg2 56. Rd3 Kg3 57. Kd2 Kf2 58. Kc2 Ke2 59. Rb3 Bf4 60. Rd3 Be3 61. Rd6 Kxf3 62. Rxf6+ Kxe4 63. Rf5 Bf4 64. Kd1 Kf3 65.
Rxg5 Bxg5 66. Kc2 Kxg4 1/2-1/2

[Event "*** Titled Tuesday Blitz"]
[Site "Chess.com"]
[Date "2019.05.07"]
[Round "2"]
[White "bugsbunny444"]
[Black "spicycaterpillar"]
[Result "0-1"]
[WhiteElo "2565"]
[BlackElo "2825"]
[TimeControl "180+2"]
[EndTime "13:26:13 PDT"]
[Termination "spicycaterpillar won by resignation"]

1. Nf3 Nf6 2. c4 c6 3. g3 d5 4. Bg2 Bf5 5. cxd5 cxd5 6. Qb3 Qc8 7. Nc3 e6 8. O-O Nc6 9. d3 Be7 10. Bf4 O-O 11. Rac1 Qd7 12. e4 dxe4 13. dxe4 Nxe4 14.
Rfd1 Qc8 15. Ne5 Nc5 16. Nxc6 bxc6 17. Qc4 Rd8 18. Rxd8+ Qxd8 19. Rd1 Bd3 20. Qb4 a5 21. Qa3 Qe8 22. Na4 Bc2 23. Rc1 Bxa4 24. Rxc5 Bb5 25. Be3 Bxc5 26. Qxc5 a4 27. Be4 Qd7 28. Kg2 Qd1 29.
h4 Rd8 30. Qg5 h6 31. Qe7 Qd7 32. Qc5 Qc8 33. Qe5 Qd7 34. Qf4 Bd3 35. Bf3 Bb1 36.
a3 Ba2 37. Kh2 Bd5 38. Be2 Bb3 39. Bf3 Bc2 40. Qg4 Bf5 41. Qxa4 c5 42. Qxd7 Rxd7 43. Bxc5 Rd2 44. b4 Rd3 45. Kg2 Rxa3 46. b5 Bh3+ 47. Kh2 Rxf3 48. Kxh3 Rb3 49. b6 f6 50. Kg4 Kf7 51. h5 g5 52. hxg6+ Kxg6 53. f4 h5+ 54. Kh4 e5 55. fxe5 fxe5 56. Kh3 e4 57. Kg2 Kf5 58. Kf2 Kg4 59. Bd4 Rxg3 60. Be5 Rb3 61. Bc7 h4 62. Ke2 h3 63. Kd2 Rxb6 0-1